 Dungeon Crawl Stone Soup version 0.32-a0-576-g706899e (webtiles) character file.

Game seed: 16896601466780084151

1106 Remcycle the Cleaver (level 8, -1/58 HPs)
             Began as a Formicid Fighter on Mar 1, 2024.
             Slain by a wight
             ... wielding a +1 spear
              (7 damage)
             ... on level 7 of the Dungeon.
             The game lasted 00:08:46 (3520 turns).

Remcycle the Cleaver (Formicid Fighter)             Turns: 3520, Time: 00:08:46

Health: -1/58      AC:  8    Str: 23    XL:     8   Next: 58%
Magic:  8/8        EV:  9    Int:  8    God:
Gold:   282        SH:  5    Dex: 13    Spells: 7/7 levels left

rFire   . . .        a - +1 war axe
rCold   . . .        c - +0 buckler
rNeg    . . .        b - +0 scale mail
rPois   .            (helmet unavailable)
rElec   .            l - +0 cloak
rCorr   .            (no gloves)
SInv    +            (no boots)
Will    .....        (no amulet) Stlth
                     (no ring)
HPRegen 0.29/turn    (no ring)
MPRegen 0.11/turn

%: no passive effects
@: no status effects
A: permanent stasis, dig shafts and tunnels, antennae 3, four strong arms
a: Dig, Shaft Self


You were on level 7 of the Dungeon.
You visited 1 branch of the dungeon, and saw 7 of its levels.

You collected 282 gold pieces.

Inventory:

Hand Weapons
 a - a +1 war axe (weapon)
Armour
 b - a +0 scale mail (worn)
 c - a +0 buckler (worn)
 l - a +0 cloak (worn)
Jewellery
 g - a ring of fire
Wands
 n - a wand of flame (1) (quivered)
Potions
 d - a potion of might
 e - a potion of attraction
 j - a potion of invisibility
 k - a potion of cancellation


   Skills:
 - Level 3.2 Fighting
 + Level 9.8 Axes
 - Level 3.2 Armour
 - Level 4.0 Shields


You had 7 spell levels left.
You didn't know any spells.
Your spell library contained the following spells:

 Spells                   Type           Power      Damage    Failure   Level
 Necrotise                Necr           0%         1d4       78%         1
 Vampiric Draining        Necr           0%         2d6       98%         3
 Martyr's Knell           Necr/Summ      0%         N/A       100%        4
 Olgreb's Toxic Radiance  Alch           0%         N/A       100%        4
 Curse of Agony           Necr           0%         N/A       100%        5
 Ozocubu's Refrigeration  Ice            0%         4d7       100%        7
 Discord                  Hex            0%         N/A       100%        8


Dungeon Overview and Level Annotations

Branches:
Dungeon (7/15)
 Temple: D:4-7

Altars:
Trog

Shops:
D:3 :


Innate Abilities, Weirdness & Mutations

You cannot be hasted, slowed, berserked, paralysed or teleported.
You can dig through walls and to a lower floor.
You have a pair of large antennae on your head. (SInv)
Your four strong arms can wield two-handed weapons with a shield.


Message History

The wight barely misses you. The wight hits you but does no damage.
You slash the wight!
The wight is severely damaged.
The wight hits you from afar with a +1 spear.
The wight hits you from afar with a +0 halberd!
The wight barely misses you.
You are too injured to fight recklessly!
You are too injured to fight recklessly!
You are too injured to fight recklessly!
You hit the wight but do no damage.
The wight is severely damaged.
You block the wight's attack. The wight barely misses you.
The wight hits you with a +2 short sword.
You barely miss the wight.
The wight is severely damaged.
The wight hits you from afar with a +1 spear!
* * * LOW HITPOINT WARNING * * *
You feel drained.
* * * LOW HITPOINT WARNING * * *
The wight barely misses you. You block the wight's attack.
You barely miss the wight.
The wight is severely damaged.
The wight barely misses you. The wight closely misses you.
The wight hits you but does no damage.
You closely miss the wight.
The wight is severely damaged.
The wight hits you but does no damage. The wight barely misses you.
The wight completely misses you.
You hit the wight.
You destroy the wight!
The wight hits you from afar with a +1 spear.
* * * LOW HITPOINT WARNING * * *
The wight hits you from afar with a +0 halberd.
* * * LOW HITPOINT WARNING * * *
Your life force feels restored.
You see here a +0 mace.
The wight attacks as it pursues you! You block the wight's attack.
The wight attacks as it pursues you!
The wight hits you from afar with a +1 spear!
You die...

#### ##### ..#
#...# ##
#.####...####...
#.#...........#
########z......<..#
........z.@.......#
...###.)...##...###
#.......#........
.<........########.
###.......#
#.......##
#.##...## #. #####


You could see 2 wights.

Vanquished Creatures
  Sigmund (D:4)
  Eustachio (D:4)
  A phantom (D:4)
  3 scorpions
  2 wights (D:7)
  2 bombardier beetles
  A hound (D:5)
  Crazy Yiuf (D:4)
  A jelly (D:3)
  Terence (D:3)
  2 iguanas (D:4)
  7 gnolls
  6 adders
  4 dart slugs
  5 orcs
  5 ball pythons
  9 bats
  10 endoplasms
  7 giant cockroaches
  7 goblins
  11 hobgoblins
  3 quokkas
  A frilled lizard (D:1)
  8 kobolds
  10 rats
109 creatures vanquished.

Notes
Turn   | Place    | Note
-------+----------+-------------------------------------------
     0 | D:1      | Remcycle the Formicid Fighter began the quest for the Orb.
     0 | D:1      | Reached XP level 1. HP: 18/18 MP: 1/1
   219 | D:1      | Reached XP level 2. HP: 21/24 MP: 2/2
   301 | D:1      | Reached skill level 3 in Axes
   459 | D:1      | Reached XP level 3. HP: 28/29 MP: 3/3
   725 | D:2      | Noticed a scorpion
   736 | D:2      | Killed a scorpion
   737 | D:2      | Reached skill level 4 in Axes
   737 | D:2      | Reached XP level 4. HP: 18/35 MP: 4/4
   737 | D:2      | Reached XP level 5. HP: 21/41 MP: 5/5
  1017 | D:2      | Reached skill level 5 in Axes
  1629 | D:3      | Reached XP level 6. HP: 38/47 MP: 6/6
  1794 | D:3      | Reached skill level 6 in Axes
  2250 | D:3      | Found Wierghar's Vocational Training.
  2333 | D:3      | Noticed Terence
  2343 | D:3      | Killed Terence
  2344 | D:3      | Reached skill level 7 in Axes
  2344 | D:3      | Reached XP level 7. HP: 34/52 MP: 7/7
  2599 | D:4      | Noticed Eustachio
  2652 | D:4      | Killed Eustachio
  2788 | D:4      | Noticed Sigmund
  2811 | D:4      | Reached skill level 8 in Axes
  2869 | D:4      | Killed Sigmund
  2870 | D:4      | Reached XP level 8. HP: 33/58 MP: 8/8
  3100 | D:4      | Reached skill level 9 in Axes
  3246 | D:4      | Found a runed translucent door.
  3247 | D:4      | Noticed Crazy Yiuf
  3381 | D:4      | Killed Crazy Yiuf
  3396 | D:5      | Entered Level 5 of the Dungeon
  3465 | D:6      | Found a bloodstained altar of Trog.
  3520 | D:7      | Slain by a wight

Illustrated notes

Levels and vault maps discovered:
D:1:      nicolae_arrival_somewhat_less_tricky_arrival, layout_loops_ring
D:2:      layout_rooms, wad_floor_pattern_untrapped, minmay_rat_gold_closets
D:3:      layout_loops_cross, nicolae_shop_vocational, uniq_terence
D:4:      layout_rooms, uniq_eustachio, uniq_crazy_yiuf_cottage, uniq_sigmund
D:5:      layout_loops_cross, mainiacjoe_overflow_alcove_1, minmay_circle_x
D:6:      cheibrodos_helix_gallery, layout_basic, trog_ov_bears_minmay
D:7:      layout_loops_ring, minmay_temple_entry_mist, kennysheep_crisscross

Skill      XL: |  1  2  3  4  5  6  7  8 |
---------------+-------------------------+-----
Axes           | 3 4 5 7 8 9 |  9.8
Fighting       | |  3.2
Armour         | |  3.2
Shields        | |  4.0

Action                     |  1- 3 |  4- 6 |  7- 9 || total
---------------------------+-------+-------+-------++-------
  Melee: War axe           |    58 |   157 |   135 ||   350
  Evoke: Wand              |       |       |     9 ||     9
    Use: Potion            |       |       |     4 ||     4
         Scroll            |       |       |     6 ||     6
 Armour: Scale mail        |    42 |   118 |   125 ||   285
         Skin              |       |       |    22 ||    22
  Dodge: Dodged            |    36 |    66 |    89 ||   191
  Block: Buckler           |    23 |    44 |    40 ||   107

Table legend: (Time is in decaauts)
 A = Elapsed time spent in this place.
 B = Non-inter-level travel time spent in this place.
 C = Inter-level travel time spent in this place.
 D = Time resting spent in this place.
 E = Time spent auto-exploring this place.
 F = Levels seen in this place.
 G = Mean time per level.
                   A        B        C        D        E       F      G
               +--------+--------+--------+--------+--------+-----+--------+
         Total |   3596 |   3489 |    107 |    244 |   2390 |   7 |  513.7 |
       Dungeon |   3596 |   3489 |    107 |    244 |   2390 |   7 |  513.7 |
               +--------+--------+--------+--------+--------+-----+--------+

Top non-repeatable levels by time:
     D:3: 935 daAuts
     D:4: 922 daAuts
     D:2: 888 daAuts
     D:1: 724 daAuts
     D:6: 56 daAuts
     D:5: 42 daAuts
     D:7: 26 daAuts
